 Dungeon Crawl Stone Soup version 0.30-a0-377-g5cb311bc9f (webtiles) character file.

Game seed: 5454814642966405462

48 qeuew the Trooper (level 3, -2/33 HPs)
             Began as a Hill Orc Fighter on Nov 29, 2022.
             Slain by Sigmund
             ... wielding a +0 scythe
              (10 damage)
             ... on level 2 of the Dungeon.
             The game lasted 00:01:34 (729 turns).

qeuew the Trooper (Hill Orc Fighter)                 Turns: 729, Time: 00:01:35

Health: -2/33      AC:  7    Str: 18    XL:     3   Next: 72%
Magic:  3/3        EV:  9    Int:  8    God:
Gold:   19         SH:  4    Dex: 12    Spells: 2/2 levels left

rFire   . . .      SeeInvis .    a - +0 war axe
rCold   . . .      Faith    .    c - +0 buckler
rNeg    . . .      Spirit   .    b - +0 scale mail
rPois   .          Reflect  .    (no helmet)
rElec   .          Harm     .    (no cloak)
rCorr   .          Rampage  .    (no gloves)
Will    .....                    (no boots)
Stlth   ..........               (no amulet)
HPRegen 0.25/turn                (no ring)
MPRegen 0.08/turn                (no ring)

@: no status effects
A: no striking features
a: no special abilities


You were on level 2 of the Dungeon.
You visited 1 branch of the dungeon, and saw 2 of its levels.

You collected 19 gold pieces.

Inventory:

Hand Weapons
 a - a +0 war axe (weapon)
Armour
 b - a +0 scale mail (worn)
 c - a +0 buckler (worn)
Potions
 d - a potion of might
 e - a potion of heal wounds {unknown}
 f - a potion of curing {unknown}


   Skills:
 + Level 4.0 Fighting
 + Level 3.4 Axes
 + Level 3.7 Armour
 + Level 0.9 Dodging
 + Level 3.6 Shields


You had 2 spell levels left.
You didn't know any spells.
Your spell library was empty.

Dungeon Overview and Level Annotations

Branches:
Dungeon (2/15)

Altars:
Sif Muna

Annotations:
D:2 Sigmund


Message History

Sigmund points at you and mumbles some strange words.
The magic dart hits you!
You are too confused!
You are too confused!
You are too confused!
You are too confused!
You are too confused!
You are too confused!
You are too confused!
You are too confused!
You are too confused!
You are too confused!
You are too confused!
You are too confused!
You are too confused!
You are too confused!
You are too confused!
You are too confused!
You are too confused!
Unknown command.
You bump into the rock wall.
Sigmund looks at you with fury.
Sigmund points at you and mumbles some strange words.
The puff of flame hits you!
You slash Sigmund!
Sigmund is moderately wounded.
Sigmund casts a spell.
Sigmund flickers and vanishes!
Deactivating autopickup; reactivate with Ctrl-A.
You barely miss something.
You hear some strange, mumbled words.
A magic dart appears from out of thin air!
The magic dart hits you.
* * * LOW HITPOINT WARNING * * *
Unknown command.
You barely miss something. Something hits you but does no damage.
You miss something.
You feel less confused. Something hits you!
You die...

#.#.###.#.######.# #....#
#.###.#.#.#...>..######.#
##.#.#.....#.#..#........#.#
...#.#.#...#.#..#........#.#
####.#.#..>#.#..#........#.#####
.......###.#.#..#..............##
...........#.....#####...........
......####.###...#####.........##
###..#.......#.†@...##.........#
..#.##.####.###.{...##.........#
#.#.##.# .......##.........#
#.#.##.# ###.....##.........#
#.#<...# #.....##.........#
#.#.#..# #.....##.........#
#......# #.....############
.......# ....... ...........


There were no monsters in sight!

Vanquished Creatures
  A gnoll (D:1)
  2 dart slugs (D:1)
  3 bats
  3 endoplasms (D:1)
  4 giant cockroaches
  4 goblins
  4 hobgoblins
  2 quokkas
  A ball python (D:1)
  2 frilled lizards
  5 rats (D:1)
31 creatures vanquished.

Vanquished Creatures (others)
  4 toadstools (D:1)
4 creatures vanquished.

Grand Total: 35 creatures vanquished

Notes
Turn   | Place    | Note
-------+----------+-------------------------------------------
     0 | D:1      | qeuew the Hill Orc Fighter began the quest for the Orb.
     0 | D:1      | Reached XP level 1. HP: 19/19 MP: 1/1
    67 | D:1      | Reached XP level 2. HP: 27/27 MP: 2/2
   308 | D:1      | Reached XP level 3. HP: 25/33 MP: 3/3
   353 | D:1      | Reached skill level 4 in Fighting
   559 | D:2      | Found a faded altar of an unknown god.
   582 | D:2      | Prayed at the altar of an unknown god.
   582 | D:2      | Became a worshipper of Sif Muna the Loreminder
   582 | D:2      | Reached * piety under Sif Muna
   583 | D:2      | Fell from the grace of Sif Muna
   718 | D:2      | Noticed Sigmund
   729 | D:2      | Slain by Sigmund

Illustrated notes

Levels and vault maps discovered:
D:1:      ldierk_walled_garden_2, layout_basic
D:2:      layout_basic, nicolae_ecumenical_pavilion, uniq_sigmund, uniq_jessica

Skill      XL: |  1  2  3 |
---------------+----------+-----
Axes           | 3 |  3.4
Fighting       | 4 |  4.0
Armour         | |  3.7
Dodging        | |  0.9
Shields        | |  3.6

Action                   || total
-------------------------++-------
Melee: War axe           ||    57
Invok: Renounce Religion ||     1
  Use: Scroll            ||     3
       Potion            ||     1
Armor: Scale mail        ||    15
Dodge: Dodged            ||    24
Block: Buckler           ||     9

Table legend: (Time is in decaauts)
 A = Elapsed time spent in this place.
 B = Non-inter-level travel time spent in this place.
 C = Inter-level travel time spent in this place.
 D = Time resting spent in this place.
 E = Time spent auto-exploring this place.
 F = Levels seen in this place.
 G = Mean time per level.
                   A        B        C        D        E       F      G
               +--------+--------+--------+--------+--------+-----+--------+
         Total |    748 |    732 |     16 |      0 |    567 |   2 |  374.0 |
       Dungeon |    748 |    732 |     16 |      0 |    567 |   2 |  374.0 |
               +--------+--------+--------+--------+--------+-----+--------+

Top non-repeatable levels by time:
     D:1: 570 daAuts
     D:2: 178 daAuts
